BSA
SAN FRANCISCO BANDITS @ LOS CABOS CARTEL
09/01/2026
 
TOP OF THE 1ST
San Francisco Bandits batting - Pitching for Los Cabos Cartel : RHP Dillon Nelson
Pitching: RHP Dillon Nelson
Batting: RHB Pete Rideout 0-0: Called Strike
0-1: Ball
1-1: Foul Ball, location: 2F
1-2: Ground out 6-3 (Groundball, 6M)
Batting: LHB Jerry Bryan 0-0: Fly out, F9 (Flyball, 89XD)
Batting: RHB Michael Elliott 0-0: Called Strike
0-1: Ball
1-1: Foul Ball, location: 2F
1-2: Strikes out swinging
Top of the 1st over - 0 run(s), 0 hit(s), 0 error(s), 0 left on base; San Francisco 0 - Los Cabos 0
BOTTOM OF THE 1ST
Los Cabos Cartel batting - Pitching for San Francisco Bandits : RHP Kunihiko Daikawa
Pitching: RHP Kunihiko Daikawa
Batting: LHB Willie Wallace 0-0: Ball
1-0: Ball
2-0: Ground out 1-3 (Groundball, 15)
Batting: SHB Julián Madrid 0-0: Foul Ball, location: 2F
0-1: Ball
1-1: Ball
2-1: Ball
3-1: Swinging Strike
3-2: Base on Balls
Batting: LHB Luis González 0-0: Called Strike
0-1: Ball
1-1: Ball
2-1: Called Strike
2-2: Ball
3-2: Fly out, F8 (Flyball, 8LD)
Batting: RHB Wilbert Rodgers 0-0: Ball
1-0: Called Strike
1-1: DOUBLE (Flyball, 8RXD)
Julián Madrid to third
Runner from 3rd tries for Home, SAFE, throw made home
Batting: RHB Stephen Wilson 0-0: Foul Ball, location: 2F
0-1: Ball
1-1: Foul Ball, location: 2F
1-2: Ball
2-2: Ball
3-2: Fly out, F9 (Flyball, 89M)
Bottom of the 1st over - 1 run(s), 1 hit(s), 0 error(s), 1 left on base; San Francisco 0 - Los Cabos 1
TOP OF THE 2ND
San Francisco Bandits batting - Pitching for Los Cabos Cartel : RHP Dillon Nelson
Batting: LHB Francisco Calderón 0-0: SINGLE (Line Drive, 89S)
Batting: RHB Dale Taylor 0-0: Swinging Strike
0-1: Swinging Strike
0-2: Ball
1-2: Foul Ball, location: 2F
1-2: Strikes out looking
Batting: RHB Javier Ramírez 0-0: Called Strike
0-1: Called Strike
0-2: Strikes out swinging
Batting: RHB Bob Orr 0-0: Foul Ball, location: 2F
0-1: TRIPLE (Flyball, 89XD)
Francisco Calderón scores
Batting: RHB Emílio Bruno 0-0: Ball
1-0: Called Strike
1-1: Ball
2-1: Foul Ball, location: 2F
2-2: Fly out, F6 (Popup, 6)
Top of the 2nd over - 1 run(s), 2 hit(s), 0 error(s), 1 left on base; San Francisco 1 - Los Cabos 1
BOTTOM OF THE 2ND
Los Cabos Cartel batting - Pitching for San Francisco Bandits : RHP Kunihiko Daikawa
Batting: RHB Víctor Solano 0-0: Ball
1-0: Ball
2-0: Called Strike
2-1: Ball
3-1: Foul Ball, location: 2F
3-2: Ground out 5-3 (Groundball, 5)
Batting: RHB John Pick 0-0: Ball
1-0: SINGLE (Groundball, 34S)
Batting: RHB António Magana 0-0: Called Strike
0-1: Ball
1-1: SINGLE (Line Drive, 78S)
John Pick to second
Batting: RHB Ángel Garza 0-0: Ball
1-0: Ball
John Pick steals 3rd base
António Magana to second
2-0: Ground out 6-3 (Groundball, 6)
John Pick scores
Batting: LHB Willie Wallace 0-0: Ground out 4-3 (Groundball, 4)
Bottom of the 2nd over - 1 run(s), 2 hit(s), 0 error(s), 1 left on base; San Francisco 1 - Los Cabos 2
TOP OF THE 3RD
San Francisco Bandits batting - Pitching for Los Cabos Cartel : RHP Dillon Nelson
Batting: RHB David Crespo 0-0: Foul Ball, location: 2F
0-1: Ball
1-1: Foul Ball, location: 2F
1-2: Strikes out swinging
Batting: RHB Pete Rideout 0-0: Called Strike
0-1: Called Strike
0-2: Ball
1-2: Strikes out swinging
Batting: LHB Jerry Bryan 0-0: Ground out 4-3 (Groundball, 4)
Top of the 3rd over - 0 run(s), 0 hit(s), 0 error(s), 0 left on base; San Francisco 1 - Los Cabos 2
BOTTOM OF THE 3RD
Los Cabos Cartel batting - Pitching for San Francisco Bandits : RHP Kunihiko Daikawa
Batting: SHB Julián Madrid 0-0: Ball
1-0: Ball
2-0: Ball
3-0: Called Strike
3-1: Base on Balls
Batting: LHB Luis González 0-0: Ball
1-0: Called Strike
1-1: Fly out, F5 (Popup, 5S)
Batting: RHB Wilbert Rodgers 0-0: Ball
1-0: Ball
2-0: Ball
3-0: Called Strike
3-1: SINGLE (Line Drive, 7S)
Julián Madrid to second
Batting: RHB Stephen Wilson 0-0: Ball
1-0: Called Strike
1-1: Foul Ball, location: 2F
1-2: Ball
2-2: Foul Ball, location: 2F
2-2: Foul Ball, location: 2F
2-2: SINGLE (Groundball, 34S)
Julián Madrid to third
Wilbert Rodgers to second
Runner from 3rd tries for Home, SAFE, throw made at trailing runner, SAFE at third!
Batting: RHB Víctor Solano 0-0: Ball
1-0: Ball
2-0: Swinging Strike
2-1: Foul Ball, location: 2F
2-2: Foul Ball, location: 2F
2-2: Foul Ball, location: 2F
2-2: Strikes out looking
Batting: RHB John Pick 0-0: Ground out 4-3 (Groundball, 13)
Bottom of the 3rd over - 1 run(s), 2 hit(s), 0 error(s), 2 left on base; San Francisco 1 - Los Cabos 3
TOP OF THE 4TH
San Francisco Bandits batting - Pitching for Los Cabos Cartel : RHP Dillon Nelson
Batting: RHB Michael Elliott 0-0: Called Strike
0-1: Ground out 4-3 (Groundball, 4)
Batting: LHB Francisco Calderón 0-0: Fly out, F5 (Popup, 5L)
Batting: RHB Dale Taylor 0-0: Ball
1-0: Called Strike
1-1: Fly out, F7 (Flyball, 7S)
Top of the 4th over - 0 run(s), 0 hit(s), 0 error(s), 0 left on base; San Francisco 1 - Los Cabos 3
BOTTOM OF THE 4TH
Los Cabos Cartel batting - Pitching for San Francisco Bandits : RHP Kunihiko Daikawa
Batting: RHB António Magana 0-0: Called Strike
0-1: Swinging Strike
0-2: Ball
1-2: Ground out 5-3 (Groundball, 56)
Batting: RHB Ángel Garza 0-0: Called Strike
0-1: Ball
1-1: Foul Ball, location: 2F
1-2: Ball
2-2: Ground out 5-3 (Groundball, 5)
Batting: LHB Willie Wallace 0-0: Ball
1-0: Ball
2-0: Called Strike
2-1: Foul Ball, location: 2F
2-2: Foul Ball, location: 2F
2-2: Foul Ball, location: 2F
2-2: SINGLE (Line Drive, 6MD)
Pitching: RHP Paul Lewis
Batting: SHB Julián Madrid Pickoff Throw to First - Out!
Bottom of the 4th over - 0 run(s), 1 hit(s), 0 error(s), 0 left on base; San Francisco 1 - Los Cabos 3
TOP OF THE 5TH
San Francisco Bandits batting - Pitching for Los Cabos Cartel : RHP Dillon Nelson
Batting: RHB Javier Ramírez 0-0: Ball
1-0: Swinging Strike
1-1: Called Strike
1-2: Ball
2-2: Foul Ball, location: 2F
2-2: SINGLE (Groundball, 56D)
Batting: RHB Bob Orr 0-0: Called Strike
0-1: Ball
1-1: Ball
2-1: Called Strike
2-2: Fly out, F8 (Flyball, 8RXD)
Batting: RHB Emílio Bruno 0-0: Ball
1-0: Ball
2-0: Foul Ball, location: 2F
2-1: Called Strike
2-2: Ball
3-2: Strikes out swinging
Batting: RHB David Crespo 0-0: Called Strike
Pickoff Throw by Catcher to First - Out!
Top of the 5th over - 0 run(s), 1 hit(s), 0 error(s), 0 left on base; San Francisco 1 - Los Cabos 3
BOTTOM OF THE 5TH
Los Cabos Cartel batting - Pitching for San Francisco Bandits : RHP Paul Lewis
Batting: SHB Julián Madrid 0-0: SINGLE (Line Drive, 56D)
Batting: LHB Luis González 0-0: Ball
1-0: Foul Ball, location: 2F
1-1: Fly out, F8 (Flyball, 8LS)
Batting: RHB Wilbert Rodgers 0-0: Foul Ball, location: 2F
0-1: Ball
1-1: Ball
2-1: Fly out, F8 (Flyball, 8LD)
Batting: RHB Stephen Wilson 0-0: Ball
1-0: Ball
2-0: Called Strike
2-1: Ball
3-1: Base on Balls
Julián Madrid to second
Batting: RHB Víctor Solano 0-0: Swinging Strike
0-1: Ball
1-1: Ball
2-1: DOUBLE (Line Drive, 8LS)
Julián Madrid scores
Stephen Wilson to third
Batting: RHB John Pick 0-0: Fly out, F7 (Line Drive, 7D)
Bottom of the 5th over - 1 run(s), 2 hit(s), 0 error(s), 2 left on base; San Francisco 1 - Los Cabos 4
TOP OF THE 6TH
San Francisco Bandits batting - Pitching for Los Cabos Cartel : RHP Dillon Nelson
Batting: RHB David Crespo 0-0: Called Strike
0-1: Ball
1-1: Fly out, F6 (Popup, 6D)
Batting: RHB Pete Rideout 0-0: Ball
1-0: Ground out 6-3 (Groundball, 6)
Batting: LHB Jerry Bryan 0-0: Foul Ball, location: 2F
0-1: Ball
1-1: Foul Ball, location: 2F
1-2: Strikes out swinging
Top of the 6th over - 0 run(s), 0 hit(s), 0 error(s), 0 left on base; San Francisco 1 - Los Cabos 4
BOTTOM OF THE 6TH
Los Cabos Cartel batting - Pitching for San Francisco Bandits : RHP Paul Lewis
Batting: RHB António Magana 0-0: Ground out 6-3 (Groundball, 6)
Batting: RHB Ángel Garza 0-0: Fly out, F6 (Popup, 6MS)
Batting: LHB Willie Wallace 0-0: Ball
1-0: Fly out, F6 (Line Drive, 6)
Bottom of the 6th over - 0 run(s), 0 hit(s), 0 error(s), 0 left on base; San Francisco 1 - Los Cabos 4
TOP OF THE 7TH
San Francisco Bandits batting - Pitching for Los Cabos Cartel : RHP Dillon Nelson
Batting: RHB Michael Elliott 0-0: Called Strike
0-1: Swinging Strike
0-2: Ball
1-2: Strikes out looking
Batting: LHB Francisco Calderón 0-0: Foul Ball, location: 2F
0-1: SINGLE (Line Drive, 4MD)
Batting: RHB Dale Taylor 0-0: Called Strike
0-1: Ball
1-1: Called Strike
1-2: Ball
2-2: Strikes out swinging
Batting: RHB Javier Ramírez 0-0: Ball
1-0: Ball
2-0: Ball
3-0: Called Strike
3-1: Foul Ball, location: 2F
3-2: Strikes out swinging
Top of the 7th over - 0 run(s), 1 hit(s), 0 error(s), 1 left on base; San Francisco 1 - Los Cabos 4
BOTTOM OF THE 7TH
Los Cabos Cartel batting - Pitching for San Francisco Bandits : RHP Paul Lewis
Pitching: RHP Tim Lyons
Batting: SHB Julián Madrid 0-0: Ball
1-0: Ball
2-0: Swinging Strike
2-1: Fly out, F8 (Flyball, 8LS)
Batting: LHB Luis González 0-0: Called Strike
0-1: Ball
1-1: Ball
2-1: Foul Ball, location: 2F
2-2: Fly out, F9 (Flyball, 89XD)
Batting: RHB Wilbert Rodgers 0-0: Ball
1-0: Foul Ball, location: 2F
1-1: Ball
2-1: Foul Ball, location: 2F
2-2: SINGLE (Groundball, 56D)
Batting: RHB Stephen Wilson 0-0: Called Strike
Wilbert Rodgers is caught stealing 2nd base
Bottom of the 7th over - 0 run(s), 1 hit(s), 0 error(s), 0 left on base; San Francisco 1 - Los Cabos 4
TOP OF THE 8TH
San Francisco Bandits batting - Pitching for Los Cabos Cartel : RHP Dillon Nelson
Batting: RHB Bob Orr 0-0: Foul Ball, location: 2F
0-1: Reached on error, E4 (Groundball, 4)
Batting: RHB Emílio Bruno 0-0: Foul Ball, location: 2F
0-1: Called Strike
0-2: Ball
1-2: Foul Ball, location: 2F
1-2: Ground out 5-3 (Groundball, 5S)
Bob Orr to second
Batting: RHB David Crespo 0-0: Called Strike
0-1: Ball
1-1: Swinging Strike
1-2: Strikes out looking
Batting: RHB Pete Rideout 0-0: Called Strike
0-1: Swinging Strike
0-2: Ball
1-2: Foul Ball, location: 2F
1-2: Ground out 3-1 (Groundball, 34)
Top of the 8th over - 0 run(s), 0 hit(s), 1 error(s), 1 left on base; San Francisco 1 - Los Cabos 4
BOTTOM OF THE 8TH
Los Cabos Cartel batting - Pitching for San Francisco Bandits : RHP Tim Lyons
Batting: RHB Stephen Wilson 0-0: Fly out, F9 (Flyball, 9D)
Batting: RHB Víctor Solano 0-0: Ball
1-0: Ball
2-0: Fly out, F8 (Flyball, 8LD)
Batting: RHB John Pick 0-0: Ball
1-0: Ball
2-0: Called Strike
2-1: SINGLE (Groundball, 34)
Batting: RHB António Magana 0-0: Called Strike
0-1: Ball
1-1: Ground out 1-3 (Groundball, 13)
Bottom of the 8th over - 0 run(s), 1 hit(s), 0 error(s), 1 left on base; San Francisco 1 - Los Cabos 4
TOP OF THE 9TH
San Francisco Bandits batting - Pitching for Los Cabos Cartel : RHP Dillon Nelson
Pitching: LHP António Martínez
Batting: LHB Jerry Bryan 0-0: Foul Ball, location: 2F
0-1: Ball
1-1: Fly out, F5 (Popup, 56S)
Batting: RHB Michael Elliott 0-0: Ball
1-0: Ball
2-0: Ball
3-0: Base on Balls
Batting: LHB Francisco Calderón 0-0: Ball
1-0: Called Strike
1-1: Ball
2-1: Foul Ball, location: 2F
2-2: Foul Ball, location: 2F
2-2: Ball
3-2: Strikes out swinging
Batting: RHB Dale Taylor 0-0: Called Strike
0-1: Foul Ball, location: 2F
0-2: Fly out, F3 (Popup, 3F)
Top of the 9th over - 0 run(s), 0 hit(s), 0 error(s), 1 left on base; San Francisco 1 - Los Cabos 4
Monday, December 5th, 2016 - OOTP Baseball 17.12 Build 75